 Dungeon Crawl Stone Soup version 0.30.0-30-g96aa6591b8 (webtiles) character file.

Game seed: 128125056523542352

117 Chiseanne the Sneak (level 5, 37/37 HPs)
             Began as an Octopode Delver on June 28, 2023.
             Quit the game in the Ecumenical Temple.
             The game lasted 00:01:22 (453 turns).

Chiseanne the Sneak (Octopode Delver)                Turns: 453, Time: 00:01:23

Health: 37/37      AC:  1    Str: 12    XL:     5   Next: 1%
Magic:  5/5        EV: 14    Int: 12    God:
Gold:   32         SH:  0    Dex: 15    Spells: 4/4 levels left

rFire   . . .        a - +1 short sword
rCold   . . .        (no shield)
rNeg    . . .        (helmet restricted)
rPois   .            (no amulet)
rElec   .            (no ring)
rCorr   .            (no ring)
SInv    .            (no ring)
Will    .....        (no ring)
Stlth   +++++        (no ring)
HPRegen 0.26/turn    (no ring)
MPRegen 0.09/turn    (no ring)
                     (no ring)

%: no passive effects
@: no status effects
A: almost no armour, amphibious, 8 rings, camouflage 1, gelatinous body 1,
(nimble swimmer 1), tentacles
a: no special abilities


You were in the Ecumenical Temple.
You visited 2 branches of the dungeon, and saw 3 of its levels.

You collected 32 gold pieces.

Inventory:

Hand Weapons
 a - a +1 short sword (weapon)
Wands
 f - a wand of digging (3)
Scrolls
 b - a scroll of fog
 c - a scroll of magic mapping
 d - a scroll of fear
Potions
 g - a potion of mutation {unknown}


   Skills:
 * Level 4.0 Fighting
 - Level 2.0 Short Blades
 * Level 3.2 Dodging
 * Level 7.6 Stealth


You had 4 spell levels left.
You didn't know any spells.
Your spell library was empty.

Dungeon Overview and Level Annotations

Branches:
Dungeon (6/15)             Temple (1/1) D:6

Altars:
Hepliaklqana
Kikubaaqudgha
Okawaru
Uskayaw
Vehumet
Wu Jian
Yredelemnul
The Shining One

Annotations:
D:6 3 runed translucent doors, MrAu's ghost, novice FoFi


Innate Abilities, Weirdness & Mutations

You cannot wear most types of armour.
You are amphibious.
You can wear up to eight rings at the same time.
Your skin changes colour to match your surroundings (Stealth+).
Your rubbery body absorbs attacks. (AC +1, EV +1)
((You are camouflaged when in or above water. (Stealth+)))
You have tentacles for arms and can constrict up to eight enemies at once.


Message History

A bullfrog and a white imp come into view.
Found a short sword.
A sky beast comes into view.
You see here 8 gold pieces.
You now have 15 gold pieces (gained 8).
The white imp shouts, "Give in, thou peaked tardy-gaited dandiprat!"
The white imp lashes its tail.
An ogre comes into view. It is wielding a +0 giant spiked club.
The ogre attacks as you move away!
The ogre hits you with a +0 giant spiked club!!
You feel yourself speed up.
A black bear comes into view.
The black bear growls angrily.
You open the door.
There is an open door here.
You close the door.
Found a shortbow.
Found 17 gold pieces.
Something unseen opens the door.
There is a staircase to the Ecumenical Temple here.
You have 15 gold pieces.
Unknown command.
Found a runed translucent gate.
You now have 32 gold pieces (gained 17).
There are no items here.
There is a staircase to the Ecumenical Temple here.
You climb downwards.
Welcome to the Ecumenical Temple!
Found an ornate altar of the Wu Jian Council and an iron altar of Okawaru.
There is a staircase back to the Dungeon here.
Your extra speed is starting to run out.
You feel yourself slow down.
Found a glowing golden altar of the Shining One.
You enter the deep water.
Found a hazy altar of Hepliaklqana.
There is a hazy altar of Hepliaklqana here.
Found a basalt altar of Yredelemnul.
You enter the deep water.
Found an ancient bone altar of Kikubaaqudgha.
Done exploring.
Are you sure you want to abandon this character and quit the game? (Confirm with "yes".)

### #.## #..##
#...### #
#8....#### ####
#........#######...
#.@................
#..._..............
#≈......⌠.......⌠..
#≈≈........._......
#≈≈≈...............
#≈≈≈≈≈.............
#≈≈≈≈≈≈≈≈.......≈≈≈
#≈≈≈≈≈≈≈≈≈.....≈≈≈≈
#≈≈≈≈≈≈≈≈≈.....≈≈≈≈


There were no monsters in sight!

Vanquished Creatures
  A black bear (D:6)
  A sleepcap (D:6)
2 creatures vanquished.

Notes
Turn   | Place    | Note
-------+----------+-------------------------------------------
     0 | D:5      | Chiseanne the Octopode Delver began the quest for the Orb.
     0 | D:5      | Reached XP level 1. HP: 16/16 MP: 1/1
    26 | D:5      | Found a hide-covered altar of Uskayaw.
    83 | D:6      | Noticed a black bear
    90 | D:6      | Noticed a sleepcap
    91 | D:6      | Killed a black bear
    92 | D:6      | Reached skill level 7 in Stealth
    92 | D:6      | Reached XP level 2. HP: 22/22 MP: 2/2
    92 | D:6      | Reached XP level 3. HP: 27/27 MP: 3/3
    92 | D:6      | Reached XP level 4. HP: 33/33 MP: 4/4
   101 | D:6      | Reached XP level 5. HP: 12/37 MP: 5/5
   218 | D:6      | Noticed an ice beast
   218 | D:6      | Noticed an ice beast
   218 | D:6      | Noticed MrAu's ghost (novice FoFi)
   225 | D:6      | Noticed a sky beast
   278 | D:6      | Found a staircase to the Ecumenical Temple.
   281 | D:6      | Noticed an ogre
   293 | D:6      | Noticed a black bear
   310 | D:6      | Found a runed translucent gate.
   310 | D:6      | Found a runed translucent gate.
   310 | D:6      | Found a runed translucent gate.
   318 | Temple   | Entered the Ecumenical Temple
   453 | Temple   | Quit the game

Illustrated notes

Levels and vault maps discovered:
D:5:      layout_basic, grunt_temple_overflow_champion_of_chaos,
          nicolae_uskayaw_murder_on_the_dancefloor, vehumet_altar_wand_db,
          corexii_checkpoint_a, dk_noncrumbling_4, uniq_duvessa
D:6:      layout_basic, mainiacjoe_overflow_divided_tiny, amcnicky_altar_gilded,
          minmay_temple_entry_glass, gammafunk_ghost_icy,
          hangedman_feature_mirror
Temple:   nicolae_temple_two_arcs

Skill      XL: |  1  2  3  4 |
---------------+-------------+-----
Dodging        | 3 |  3.2
Stealth        | 7 |  7.6
Fighting       | 4 |  4.0
Short Blades   | |  2.0

Action                     |  1- 3 |  4- 6 || total
---------------------------+-------+-------++-------
  Melee: Short sword       |     1 |     7 ||     8
         Tentacles         |     1 |     3 ||     4
         Constrict         |     1 |     2 ||     3
    Use: Scroll            |     1 |       ||     1
         Potion            |       |     1 ||     1
   Stab: Sleeping          |     1 |       ||     1
  Dodge: Dodged            |       |     3 ||     3
